 Dungeon Crawl Stone Soup version 0.32-a0-928-g1cae6b7ea0 (webtiles) character file.

Game seed: 14902783637986417018

25 TobyConnect the Conjurer (level 2, 0/20 HPs)
             Began as a Demonspawn Conjurer on Apr 13, 2024.
             Slain by a ribbon worm (1 damage)
             ... on level 2 of the Dungeon.
             The game lasted 00:00:55 (1583 turns).

TobyConnect the Conjurer (Demonspawn Conjurer)      Turns: 1583, Time: 00:00:56

Health: 0/20       AC:  2    Str:  7    XL:     2   Next: 82%
Magic:  5/5        EV: 11    Int: 18    God:
Gold:   109        SH:  0    Dex: 11    Spells: 2/5 levels left

rFire   . . .        j - staff of cold
rCold   + . .        (no shield)
rNeg    . . .        a - +0 robe
rPois   .            (no helmet)
rElec   .            (no cloak)
rCorr   .            (no gloves)
SInv    .            (no boots)
Will    .....        (no amulet)
Stlth   ++           (no ring)
HPRegen 0.23/turn    (no ring)
MPRegen 0.09/turn

%: no passive effects
@: no status effects
A: powered by death 1
a: no special abilities


You were on level 2 of the Dungeon.
You visited 1 branch of the dungeon, and saw 2 of its levels.

You collected 109 gold pieces.

Inventory:

Armour
 a - a +0 robe (worn)
Magical Staves
 j - a staff of cold (weapon)
Jewellery
 i - a ring of fire
Scrolls
 c - a scroll of noise {unknown}
 e - 2 scrolls of fear {unknown}
 g - a scroll of summoning {unknown}
 h - 2 scrolls of enchant weapon {unknown}
Potions
 d - a potion of curing {unknown}
 f - a potion of mutation {unknown}
 k - a potion of attraction {unknown}


   Skills:
 + Level 0.8 Fighting
 * Level 2.2 Dodging
 - Level 1.7 Stealth
 * Level 2.3 Spellcasting
 * Level 4.2 Conjurations


You had 2 spell levels left.
You knew the following spells:

 Your Spells              Type           Power      Damage    Failure   Level
a - Magic Dart            Conj           68%        1d6       3%          1
b - Searing Ray           Conj           34%        2d5       4%          2

Your spell library contained the following spells:

 Spells                   Type           Power      Damage    Failure   Level
 Ensorcelled Hibernation  Hex/Ice        6%         N/A       26%         2
 Fugue of the Fallen      Necr           2%         N/A       45%         3
 Ozocubu's Armour         Ice            3%         N/A       45%         3
 Fulminant Prism          Conj/Alch      4%         3d5       58%         4
 Iskenderun's Mystic Bla Conj/Tloc 9%             2d4        (+2d1     58%         4
 Anguish                  Hex/Necr       1%         N/A       86%         4
 Manifold Assault         Tloc           1%         N/A       100%        7


Dungeon Overview and Level Annotations

Branches:
Dungeon (2/15)

Altars:


Innate Abilities, Weirdness & Mutations

You regenerate a little health from kills.


Message History

You are out of magic!
You are out of magic!
You are out of magic!
Unknown command.
You are caught in a web!
The web tears apart.
The ribbon worm expels a string of sticky webbing.
The stream of webbing hits you but does no damage.
You are caught in a web!
There is a web here.
You are caught in a web!
You struggle to detach yourself from the web.
You struggle to detach yourself from the web.
The ribbon worm bites you.
The web tears apart.
The ribbon worm barely misses you.
You barely miss the ribbon worm.
The ribbon worm is severely wounded.
The ribbon worm bites you!
* * * LOW HITPOINT WARNING * * *
You hit the ribbon worm.
The ribbon worm is severely wounded.
The ribbon worm expels a string of sticky webbing.
The stream of webbing hits you but does no damage.
You are caught in a web!
Unknown command.
Casting: Searing Ray (safe; 4% risk of failure)
Confirm with . or Enter, or press ? or * to list all spells.
Aiming: Magic Dart (safe; 3% risk of failure)
Press: ? - help, Shift-Dir - straight line, f/p - ribbon worm
Aim: a ribbon worm (severely wounded, catching its breath, 100% to hit)
The magic dart hits the ribbon worm.
The ribbon worm is severely wounded.
Unknown command.
The web tears apart.
The ribbon worm closely misses you.
You hit the ribbon worm but do no damage.
The ribbon worm is severely wounded.
The ribbon worm bites you.
* * * LOW HITPOINT WARNING * * *
Magic courses through your body. The ribbon worm bites you.
You die...

#.# #.# #.# #.#
#.# #.# ########
#.# .......#######
#w#
######...†...###@#
#######...#.#
###...# #####


You could see a ribbon worm (catching breath).

Vanquished Creatures
  An adder (D:2)
  A ball python (D:2)
  3 endoplasms
  A goblin (D:2)
  2 hobgoblins (D:2)
  2 bats
  A frilled lizard (D:1)
  2 kobolds (D:1)
  3 rats (D:1)
16 creatures vanquished.

Notes
Turn   | Place    | Note
-------+----------+-------------------------------------------
     0 | D:1      | TobyConnect the Demonspawn Conjurer began the quest for the
                  | Orb.
     0 | D:1      | Reached XP level 1. HP: 13/13 MP: 3/3
   726 | D:1      | Gained mutation: You regenerate a little health from kills.
                  | [demonic ancestry]
   726 | D:1      | Reached XP level 2. HP: 20/20 MP: 3/5
   923 | D:1      | Learned a level 2 spell: Searing Ray
  1582 | D:2      | HP: 1/20 [ribbon worm (5)]
  1583 | D:2      | Slain by a ribbon worm

Illustrated notes

Levels and vault maps discovered:
D:1:      dpeg_arrival_lava_temple_mockup, layout_loops_ring, nrook_uturn
D:2:      layout_rooms

Skill      XL: |  1 |
---------------+----+-----
Dodging        | 2 |  2.2
Fighting       | |  0.8
Stealth        | |  1.7
Spellcasting   | |  2.3
Conjurations   | |  4.2

Action                     || total
---------------------------++-------
  Melee: Unarmed           ||    10
         Staff             ||     6
   Cast: Magic Dart        ||    18
         Searing Ray       ||     9
    Use: Potion            ||     1
 Armour: Robe              ||    13
  Dodge: Dodged            ||    19

Table legend: (Time is in decaauts)
 A = Elapsed time spent in this place.
 B = Non-inter-level travel time spent in this place.
 C = Inter-level travel time spent in this place.
 D = Time resting spent in this place.
 E = Time spent auto-exploring this place.
 F = Levels seen in this place.
 G = Mean time per level.
                   A        B        C        D        E       F      G
               +--------+--------+--------+--------+--------+-----+--------+
         Total |   1583 |   1469 |    114 |     67 |   1277 |   2 |  791.5 |
       Dungeon |   1583 |   1469 |    114 |     67 |   1277 |   2 |  791.5 |
               +--------+--------+--------+--------+--------+-----+--------+

Top non-repeatable levels by time:
     D:1: 1004 daAuts
     D:2: 579 daAuts
